 Dungeon Crawl Stone Soup version 0.28.0-45-g0d030f2227 (webtiles) character file.

Game seed: 12923704498374318358

559883 gohu the Conqueror (level 26, -1/239 HPs)
             Began as a Hill Orc Fighter on May 23, 2022.
             Was the Champion of Okawaru.
             Killed from afar by a black draconian knight (36 damage)
             ... with a bolt of lightning
             ... on level 2 of the Realm of Zot on May 29, 2022.
             The game lasted 04:04:51 (60993 turns).

gohu the Conqueror (Hill Orc Fighter)              Turns: 60993, Time: 04:04:51

Health: -1/239     AC: 51    Str: 35    XL:     26   Next: 60%
Magic:  1/41       EV:  8    Int: 12    God:    Okawaru [******]
Gold:   3850       SH: 24    Dex: 12    Spells: 23/25 levels left

rFire   + . .      SeeInvis +   h - +14 obsidian axe {vorpal, Mesm Drain Fly SInv}
rCold   . . .      Faith    .   e - +0 tower shield of the Goldsmith {rF+ Str+2 Dex+4 Stlth+}
rNeg    . . .      Spirit   .   m - +8 orange crystal plate armour {Archmagi, Int+3 Clar}
rPois   .          Reflect  .   k - +0 helmet "Irchameta" {+Blink}
rElec   .          Harm     .   U - +2 cloak of the Tormentor {Str+2}
rCorr   .          Rampage  .   w - +3 Mad Mage's Maulers {Infuse+∞ RegenMP Int-3}
Will    +++++      Archmagi +   N - +1 pair of boots of Limited Liability {Contam MP+9 Int+7}
Stlth   .......... Clarity  +   i - necklace of Bloodlust {*Rage Will++ Int-3 Slay+6}
HPRegen 0.49/turn               y - ring of willpower
MPRegen 0.67/turn               S - ring of willpower

@: lethally poisoned (-1 -> -11), flying, mesmerised, studying Fighting
A: clumsy 1, frail 1
}: 3/15 runes: decaying, serpentine, silver
a: Renounce Religion, Evoke Blink, Heroism, Finesse, Duel


You were on level 2 of the Realm of Zot.
You worshipped Okawaru.
Okawaru was exalted by your worship.
You visited 10 branches of the dungeon, and saw 46 of its levels.
You also visited: Gauntlet, Ice Cave, Volcano, Wizlab and Desolation.

You collected 8865 gold pieces.
You spent 5015 gold pieces at shops.

Inventory:

Hand Weapons
 c - a +0 great mace
 h - the +14 obsidian axe (weapon) {vorpal, Mesm Drain Fly SInv}
   (Okawaru gifted it to you on level 1 of the Vaults)

   It inflicts extra damage upon your enemies.
   It occasionally summons demons to assist the wielder when it strikes in
   combat.
   Its wielder is mesmerised by any visible foes.
   It cannot be unequipped while any foes are visible.
   SInv:      It lets you see invisible.
   Fly:       It grants you flight.
   Drain:     It drains your maximum health when unequipped.
 j - a +1 broad axe of flaming
 H - a +4 vampiric broad axe
Missiles
 n - 11 silver javelins
 o - 25 javelins (quivered)
 R - 4 throwing nets
Armour
 a - a +0 kite shield of fire resistance
 b - a +1 kite shield of positive energy
 e - the +0 tower shield of the Goldsmith (worn) {rF+ Str+2 Dex+4 Stlth+}
   (You bought it in a shop on level 3 of the Snake Pit)

   Str:       It affects your strength (+2).
   Dex:       It affects your dexterity (+4).
   rF:        It protects you from fire.
   Stlth:     It makes you more stealthy.
 k - the +0 helmet "Irchameta" (worn) {+Blink}
   (Okawaru gifted it to you on level 4 of the Vaults)

   +Blink:    It lets you blink.
 l - a +0 tower shield of cold resistance
 m - the +8 orange crystal plate armour (worn) {Archmagi, Int+3 Clar}
   (You bought it in a shop on level 3 of the Elven Halls)

   Int:       It affects your intelligence (+3).
   Clar:      It protects you against confusion.
 r - the +2 pair of gloves of Lugonu's Inspiration {rPois Str+5}
   (You found it on level 13 of the Dungeon)

   Str:       It affects your strength (+5).
   rPois:     It protects you from poison.
 w - the +3 Mad Mage's Maulers (worn) {Infuse+∞ RegenMP Int-3}
   (You acquired it on level 5 of the Vaults)

   It empowers its wearer's blows with all of their magic.
   It causes its wearer's magical reserves to regenerate more quickly.
   Int:       It affects your intelligence (-3).
 B - the +2 pair of gloves "Xalo" {rF+ rN+ SInv}
   (Okawaru gifted it to you on level 3 of the Depths)

   rF:        It protects you from fire.
   rN:        It protects you from negative energy.
   SInv:      It lets you see invisible.
 C - the +10 plate armour "Hiurph" {rC+ rN+}
   (You found it on level 10 of the Dungeon)

   rC:        It protects you from cold.
   rN:        It protects you from negative energy.
 E - a +0 helmet
 J - the +0 kite shield of Amorality {rElec rPois Str-3 Int+4}
   (Okawaru gifted it to you on level 13 of the Dungeon)

   Str:       It affects your strength (-3).
   Int:       It affects your intelligence (+4).
   rElec:     It insulates you from electricity.
   rPois:     It protects you from poison.
 N - the +1 pair of boots of Limited Liability (worn) {Contam MP+9 Int+7}
   (You found it in a Gauntlet)

   Int:       It affects your intelligence (+7).
   MP:        It affects your magic capacity (+9).
   Contam:    It causes magical contamination when unequipped.
 U - the +2 cloak of the Tormentor (worn) {Str+2}
   (Okawaru gifted it to you on level 11 of the Dungeon)

   Str:       It affects your strength (+2).
Jewellery
 i - the necklace of Bloodlust (around neck) {*Rage Will++ Int-3 Slay+6}
   (You found it on level 2 of the Dungeon)

   [amulet of nothing]

   It extends the wearer's berserk rage when killing foes.
   Int:       It affects your intelligence (-3).
   Slay:      It affects your accuracy & damage with ranged weapons and melee
   (+6).
   *Rage:     It berserks you when you make melee attacks (+50% chance).
   Will:      It greatly increases your willpower.
 y - a ring of willpower (left hand)
 O - an amulet of reflection
 S - a ring of willpower (right hand)
 V - a ring of resist corrosion
 Z - an amulet of regeneration
Wands
 d - a wand of acid (17)
 v - a wand of digging (28)
 G - a wand of flame (159)
 I - a wand of iceblast (54)
 W - a wand of paralysis (8)
Scrolls
 f - 24 scrolls of teleportation
 g - 4 scrolls of magic mapping
 p - a scroll of enchant weapon
 q - a scroll of fog
 s - 13 scrolls of enchant armour
 u - 5 scrolls of holy word
 z - 2 scrolls of silence
 M - 2 scrolls of blinking
 T - 2 scrolls of brand weapon
 Y - 33 scrolls of identify
Potions
 t - 18 potions of heal wounds
 x - 5 potions of cancellation
 A - 2 potions of brilliance
 D - 7 potions of invisibility
 F - 7 potions of haste
 K - 2 potions of ambrosia
 L - 11 potions of might
 P - 2 potions of magic
 Q - 16 potions of curing
 X - 5 potions of resistance


   Skills:
 O Level 27 Fighting
 - Level 1.1 Long Blades
 O Level 27 Axes
 * Level 5.7 Throwing
 + Level 24.0 Armour
 - Level 26.0 Shields
 - Level 5.6 Translocations
 - Level 13.2 Invocations
 - Level 7.5 Evocations


You had 23 spell levels left.
You knew the following spells:

 Your Spells              Type           Power      Damage    Failure   Level
a - Blink                 Tloc           40%        N/A       30%         2

Your spell library contained the following spells:

 Spells                   Type           Power      Damage    Failure   Level
 Apportation              Tloc           40%        N/A       21%         1
 Gell's Gravitas          Tloc           20%        N/A       52%         3
 Lesser Beckoning         Tloc           20%        N/A       52%         3
 Teleport Other           Tloc           20%        N/A       52%         3
 Portal Projectile        Hex/Tloc       20%        N/A       88%         3
 Beastly Appendage        Tmut           0%         N/A       89%         1
 Foxfire                  Conj/Fire      0%         2x1d4     89%         1
 Magic Dart               Conj           0%         1d3       89%         1
 Pain                     Necr           0%         1d4       89%         1
 Shock                    Conj/Air       0%         1d3       89%         1
 Slow                     Hex            0%         N/A       89%         1
 Passage of Golubria      Tloc           20%        N/A       89%         4
 Ensorcelled Hibernation  Hex/Ice        0%         N/A       96%         2
 Passwall                 Tmut/Erth      0%         N/A       96%         2
 Scorch                   Fire           0%         2d5       96%         2
 Static Discharge         Conj/Air       0%         N/A       96%         2
 Sublimation of Blood     Necr           0%         N/A       96%         2
 Wereblood                Tmut           0%         N/A       96%         2
 Confusing Touch          Hex            0%         N/A       99%         3
 Conjure Flame            Conj/Fire      0%         6-21      99%         3
 Dazzling Flash           Conj/Hex       0%         N/A       99%         3
 Ignite Poison            Fire/Tmut/Pois 0%         N/A       99%         3
 Inner Flame              Hex/Fire       0%         N/A       99%         3
 Mephitic Cloud           Conj/Pois/Air  0%         N/A       99%         3
 Ozocubu's Armour         Ice            0%         N/A       99%         3
 Spider Form              Tmut/Pois      0%         N/A       99%         3
 Swiftness                Air            0%         N/A       99%         3
 Vampiric Draining        Necr           0%         2d6       99%         3
 Iskenderun's Mystic Bla  Conj/Tloc      10%        2d4       99%         4
 Manifold Assault         Tloc           20%        N/A       99%         5
 Airstrike                Air            0%         N/A       100%        4
 Anguish                  Hex/Necr       0%         N/A       100%        4
 Dispel Undead            Necr           0%         3d6       100%        4
 Flame Wave               Conj/Fire      0%         2d4       100%        4
 Olgreb's Toxic Radiance  Pois           0%         N/A       100%        4
 Petrify                  Tmut/Erth      0%         N/A       100%        4
 Sticky Flame             Conj/Fire      0%         2d3       100%        4
 Agony                    Necr           0%         N/A       100%        5
 Blade Hands              Tmut           0%         N/A       100%        5
 Borgnjor's Vile Clutch   Necr/Erth      0%         N/A       100%        5
 Excruciating Wounds      Necr           0%         N/A       100%        5
 Fireball                 Conj/Fire      0%         3d3       100%        5
 Freezing Cloud           Conj/Ice/Air   0%         6-21      100%        5
 Irradiate                Conj/Tmut      0%         3d14      100%        5
 Iskenderun's Battlesphe  Conj           0%         2d6       100%        5
 Lightning Bolt           Conj/Air       0%         1d11      100%        5
 Metabolic Englaciation   Hex/Ice        0%         N/A       100%        5
 Silence                  Hex/Air        0%         N/A       100%        5
 Yara's Violent Unravell  Hex/Tmut       0%         3d3       100%        5
 Conjure Ball Lightning   Conj/Air       0%         3x3d6     100%        6
 Iron Shot                Conj/Erth      0%         9d1       100%        6
 Starburst                Conj/Fire      0%         6d3       100%        6
 Statue Form              Tmut/Erth      0%         N/A       100%        6
 Dragon Form              Tmut           0%         N/A       100%        7
 Enfeeble                 Hex            0%         N/A       100%        7
 Orb of Destruction       Conj           0%         9d5       100%        7
 Storm Form               Tmut/Air       0%         N/A       100%        7
 Lehudib's Crystal Spear  Conj/Erth      0%         10d2      100%        8
 Polar Vortex             Ice            0%         N/A       100%        9
 Animate Skeleton         Necr           Unusable   N/A       N/A         1
 Summon Small Mammal      Summ           Unusable   N/A       N/A         1
 Call Imp                 Summ           Unusable   N/A       N/A         2
 Tukima's Dance           Hex            Unusable   N/A       N/A         3
 Animate Armour           Summ/Erth      Unusable   N/A       N/A         4
 Animate Dead             Necr           Unusable   N/A       N/A         4
 Summon Lightning Spire   Summ/Air       Unusable   N/A       N/A         4
 Death Channel            Necr           Unusable   N/A       N/A         6
 Simulacrum               Ice/Necr       Unusable   N/A       N/A         6
 Summon Cactus Giant      Summ           Unusable   N/A       N/A         6
 Spellforged Servitor     Conj/Summ      Unusable   N/A       N/A         7
 Summon Hydra             Summ           Unusable   N/A       N/A         7

Dungeon Overview and Level Annotations

Branches:
Dungeon (15/15)            Temple (1/1) D:6            Lair (6/6) D:8
  Swamp (4/4) Lair:2        Snake (4/4) Lair:2        Slime (0/5) Lair:5
    Orc (2/2) D:11            Elf (3/3) Orc:2        Vaults (5/5) D:14
  Crypt (0/3) Vaults:2     Depths (4/4) D:15            Zot (2/5) Depths:4
  IceCv (visited)         Volcano (visited)          WizLab (visited)
Desolation (visited)      Gauntlet (visited)

Altars:
Ashenzari
Dithmenos
Elyvilon
Fedhas
Gozag
Hepliaklqana
Kikubaaqudgha
Nemelex Xobeh
Okawaru
Qazlal
Ru
Sif Muna
Vehumet
Xom
Yredelemnul
Zin
The Shining One
Beogh
Jiyva

Shops:
D:4 (   D:5 **!*   D:6 [   D:9 *   D:10 *   D:11 (   D:12 !   D:15 :
Orc:2 [!=*   Elf:1 ?   Elf:2 [   Elf:3 [   Snake:3 *   Vaults:4 (   Vaults:5 !
Depths:2 **   Depths:3 :

Portals:
Hell: Depths:1 Depths:2 Depths:3 Depths:4
Abyss: Depths:1 Depths:2 Depths:3
Pandemonium: Depths:2 Depths:3 Depths:4
Ziggurat: Depths:3

Annotations:
Lair:6 exclusion: obsidian statue
Swamp:2 Roxanne
Vaults:1 3 runed translucent doors, vegansnacktivist's ghost, adept DDFi; zielscheibe's ghost, adept OgIE


Innate Abilities, Weirdness & Mutations

You are clumsy. (Dex -2)
You are frail. (-10% HP)


Message History

Visions of slaying the black draconian knight flood into your mind.
You feel extremely sick.
You block the black draconian knight's attack.
The green draconian hits you but does no damage.
The green draconian tail-slaps you but does no damage.
You slice the black draconian knight!!
The black draconian knight is moderately wounded.
You slash the green draconian!
You feel extremely sick.
You hear a roar!
You block the black draconian knight's attack.
You block the green draconian's attack.
The green draconian tail-slaps you but does no damage.
A yellow draconian comes into view. It is wielding a +0 dire flail.
You block the black draconian knight's attack.
You slice the black draconian knight!!
The black draconian knight is heavily wounded.
You cut the green draconian into ribbons!!!
You feel very sick.
You block the green draconian's attack. x2
You hit the black draconian knight.
The black draconian knight is heavily wounded.
You carve the green draconian like a ham!!!
You kill the green draconian!
Okawaru accepts your kill.
You slice the yellow draconian!!
You feel very sick.
The black draconian knight hits you but does no damage.
The black draconian knight hits you with a +0 great sword!
* * * LOW HITPOINT WARNING * * *
You block the yellow draconian's attack.
You feel yourself speed up.
You feel very sick.
The black draconian knight points at you and mumbles some strange words.
The shard of ice hits you!!
* * * LOW HITPOINT WARNING * * *
The yellow draconian hits you but does no damage.
The black draconian knight breathes lightning at you.
The bolt of lightning hits you!!!
You die...

.######..##..........####
...........######.......#
##.##.# ##........
#.#...# #..####...
#.#.#.#####.## ##..
##'#'##.#...## ##.
#.....##..#.#### ##
#○#.qd#.##.##...## #
#§#.)@# #.#..##.##
#.#)8.# ##.......##
#.#...# ##..#.....##
#.#...# ...##....[.#
##..... #..#.#....#.##
###'#######...##.##.# ...
###....>... ### ##...##..
#.###..#


You could see a black draconian knight (mesmerising, fast, invisible, catching
breath) and a yellow draconian.

Vanquished Creatures
  Mennas (Vaults:4)
  Mara (Vaults:3)
  An orb of fire (Zot:1)
  2 juggernauts (Depths:4)
  Bai Suzhen (Vaults:4)
  2 caustic shrikes
  5 golden dragons
  Vashnia (Snake:2)
  A bone dragon (Depths:4)
  Jorgrun (Snake:2)
  An Ice Fiend (IceCv)
  2 liches
  11 tentacled monstrosities
  A walking earthen tome (Depths:3)
  4 titans
  2 deep elf master archers (Elf:3)
  2 walking frostbound tomes
  2 deep elf blademasters (Elf:3)
  2 quicksilver dragons
  A walking divine tome (Depths:3)
  Frances (Snake:2)
  3 death cobs
  14 tengu reavers
  7 sphinxes
  6 storm dragons
  4 thorn hunters
  7 nagarajas
  A draconian monk (Zot:1)
  8 shadow dragons
  2 draconian knights (Zot:1)
  10 fire giants
  10 frost giants
  An azure jelly (Swamp:2)
  22 vault wardens
  Aizul (Snake:1)
  2 orc warlords
  2 iron dragons (Depths:3)
  2 imperial myrmidons (Desolation)
  4 draconian scorchers
  2 draconian shifters (Zot:1)
  Louise (Snake:3)
  The ghost of Gateb the Brawler, a journeyman TrFi of Okawaru (D:12)
  7 deep elf sorcerers
  3 deep elf elementalists (Elf:3)
  A draconian annihilator (Depths:4)
  22 ironbound preservers
  2 spriggan defenders
  5 deep elf demonologists (Elf:3)
  2 war gargoyles
  14 stone giants
  5 eleionomae
  8 vampire knights
  7 white draconians
  7 ironbound thunderhulks
  7 deep elf annihilators
  6 yellow draconians
  4 red draconians
  Nessos (D:15)
  6 green draconians
  4 purple draconians
  2 halazid warlocks (Desolation)
  6 bunyips
  21 very ugly things
  12 dire elephants
  5 black draconians
  A minotaur (Gauntlet)
  13 spark wasps
  7 fire dragons
  Snorg (D:11)
  6 deep elf death magi
  3 jiangshi (Depths:2)
  A green death (Depths:4)
  14 ettins
  2 spriggan zombies (D:15)
  5 crystal guardians
  5 deep elf high priests
  21 yaktaur captains
  Fannar (D:11)
  6 great orbs of eyes
  8 ragged hierophants (Desolation)
  Josephine (Orc:1)
  12 naga warriors
  A hell beast (Depths:4)
  7 servants of whispers (Desolation)
  4 rakshasas
  2 ogre magi (Vaults:5)
  Harold (D:7)
  7 ice dragons
  8 peacekeepers
  3 spriggan air magi
  14 ironbound frosthearts
  A caustic shrike simulacrum (IceCv)
  34 vault guards
  2 catoblepae
  25 hydras
  4 ghost crabs
  2 salamander tyrants (Snake:4)
  7 boulder beetles
  11 anacondas
  24 centaur warriors
  Erica (D:11)
  A death knight (D:14)
  7 alligators
  9 two-headed ogres
  5 tengu warriors
  A death yak (Lair:6)
  29 dancing weapons
  5 deep troll shamans (Depths:3)
  9 deep troll earth magi
  2 vampire magi
  12 naga sharpshooters
  3 spriggan berserkers
  4 shock serpents
  Sonja (D:11)
  5 orc high priests
  A sun demon (Depths:4)
  12 hell knights
  Nergalle (Orc:1)
  23 deep elf knights
  A storm dragon zombie (D:15)
  3 soul eaters
  9 iron trolls
  3 salamander mystics
  A spectral death yak (Lair:6)
  An iron troll (shapeshifter) (Depths:3)
  2 goliath frogs
  3 skeletal warriors
  2 shadow wraiths (Vaults:5)
  57 deep trolls
  A sea snake (shapeshifter) (D:13)
  A flayed ghost (Depths:3)
  A sea snake (Snake:4)
  2 death drakes (Swamp:2)
  A spectral anaconda (Lair:6)
  4 bog bodies
  A spark wasp zombie (D:15)
  4 spriggan druids
  5 naga ritualists
  25 ironbound convokers
  6 deep elf archers
  2 obsidian statues
  10 spriggan simulacra (IceCv)
  13 lindwurms
  6 swamp dragons (Swamp:4)
  2 glowing orange brains
  20 deep elf zephyrmancers
  The ghost of Seraphu the Cleaver, a novice HOFi of Okawaru (D:5)
  7 necromancers
  A wolf spider (D:13)
  4 harpies (Depths:4)
  10 wizards
  10 orc knights
  25 deep elf pyromancers
  5 orc sorcerers
  9 phantasmal warriors
  An oklob plant (Lair:4)
  35 ugly things
  23 salamanders
  7 cyclopes
  9 manticores
  10 mana vipers
  6 will-o-the-wisps
  A moth of wrath (shapeshifter) (Depths:3)
  4 moths of wrath
  8 elephants
  7 guardian serpents
  16 naga magi
  A smoke demon (Depths:4)
  36 black mambas
  2 dire elephant zombies (Lair:6)
  3 rust devils (Depths:4)
  A molten gargoyle (Desolation)
  19 vault sentinels
  2 orange demons
  18 cane toads
  A torpor snail (shapeshifter) (Depths:2)
  A torpor snail (Lair:1)
  Maggie (D:8)
  4 gargoyles
  An efreet (D:13)
  2 kobold demonologists
  42 yaktaurs
  A tormentor (Depths:3)
  8 freezing wraiths
  An unseen horror (D:13)
  7 ice devils (IceCv)
  15 rime drakes
  2 entropy weaver simulacra (IceCv)
  2 anaconda simulacra (IceCv)
  3 red devils
  8 komodo dragons
  7 tengu conjurers
  A bloated husk (Swamp:2)
  A guardian mummy (D:15)
  A tyrant leech (shapeshifter) (D:13)
  9 trolls
  48 saltlings (Desolation)
  A wolf spider simulacrum (D:15)
  3 hornets
  6 polar bears
  6 tyrant leeches
  10 slime creatures
  6 dream sheep
  4 blink frogs (Lair:1)
  3 air elementals
  3 flying skulls (Volcano)
  3 shadows
  2 alligator skeletons (Volcano)
  4 spriggans
  A jumping spider (shapeshifter) (Depths:3)
  A vampire (D:12)
  22 water elementals
  65 yaks
  2 wyverns
  A ynoxinul (Depths:4)
  20 humans (D:14)
  8 wraiths
  A dire elephant simulacrum (IceCv)
  24 vampire mosquitoes
  7 basilisks
  6 fire elementals
  2 chaos spawn
  10 steam dragons (Lair:2)
  2 spectral cane toads (Lair:6)
  2 death yak simulacra (Lair:6)
  8 minotaur simulacra (IceCv)
  5 wargs
  A harpy simulacrum (IceCv)
  40 nagas
  12 swamp worms
  A warg (shapeshifter) (Vaults:5)
  3 acid dragons
  An acid dragon (shapeshifter) (Vaults:5)
  A hell hound (Depths:4)
  12 swamp drakes
  17 water moccasins
  A floating eye (Depths:2)
  A sky beast (D:8)
  4 black bears
  31 orc warriors
  2 alligator simulacra (IceCv)
  An ettin simulacrum (IceCv)
  2 necrophages
  2 elephant zombies (Lair:6)
  11 ogres
  18 centaurs
  A tengu (shapeshifter) (Elf:3)
  13 wolves
  2 elephant skeletons (Lair:6)
  6 kobold brigands
  8 bullfrogs
  3 earth elementals
  5 gnoll sergeants
  3 deep troll simulacra (IceCv)
  4 scorpions
  A wyvern zombie (D:8)
  2 cane toad simulacra (Lair:6)
  A troll skeleton (Volcano)
  13 killer bees
  2 lindwurm simulacra (IceCv)
  2 spriggan skeletons (Volcano)
  An elephant simulacrum (Lair:6)
  6 wights
  2 vampire bats (D:11)
  8 electric eels
  4 lava snakes (Snake:3)
  3 howler monkeys
  6 centaur zombies
  A bullfrog skeleton (D:5)
  A gnoll shaman (D:7)
  A jelly (D:6)
  39 orc priests
  2 centaur skeletons (D:5)
  9 hounds
  An iguana (D:3)
  34 orc wizards
  20 gnolls
  3 adders
  A white imp (D:4)
  An ufetubus (D:5)
  An adder zombie (D:5)
  3 worms
  5 dart slugs
  74 orcs
  3 ball pythons
  4 bat skeletons (D:11)
  3 bat zombies (D:11)
  9 endoplasms
  11 hobgoblins
  A jackal (D:5)
  3 quokkas
  3 bats
  3 frilled lizards
  12 goblins
  17 kobolds
  3 rats
  A withered plant (Lair:6)
2104 creatures vanquished.

Vanquished Creatures (others)
  An eleionoma (Swamp:4)
  A yaktaur captain (Vaults:4)
  2 spriggans
  A deep elf knight (Elf:3)
  A deep elf zephyrmancer (Elf:1)
  A hornet (Swamp:1)
  3 bloated husks
  2 saltlings (Desolation)
  2 swamp worms
  An electric eel (Elf:1)
  A briar patch (Swamp:4)
  28 foxfires
  18 fungi
  81 plants
  17 withered plants
160 creatures vanquished.

Grand Total: 2264 creatures vanquished

Notes
Turn   | Place    | Note
-------+----------+-------------------------------------------
     0 | D:1      | gohu the Hill Orc Fighter began the quest for the Orb.
     0 | D:1      | Reached XP level 1. HP: 19/19 MP: 1/1
   171 | D:1      | Reached XP level 2. HP: 27/27 MP: 2/2
   313 | D:1      | Found a faded altar of an unknown god.
   882 | D:2      | Found the necklace of Bloodlust {*Rage Will++ Int-3 Slay+6}
   986 | D:2      | Reached XP level 3. HP: 31/33 MP: 3/3
  2114 | D:3      | Reached XP level 4. HP: 38/41 MP: 4/4
  2438 | D:3      | Noticed a phantom
  2483 | D:3      | Reached skill level 5 in Axes
  2483 | D:3      | Reached XP level 5. HP: 43/47 MP: 5/5
  2912 | D:4      | Found Karetes's Antique Weapon Boutique.
  3084 | D:4      | Found an opulent altar of Gozag.
  3144 | D:4      | Reached XP level 6. HP: 11/53 MP: 6/6
  3986 | D:5      | Entered Level 5 of the Dungeon
  4037 | D:5      | Found Azirphia's Assorted Antiques.
  4037 | D:5      | Noticed a water moccasin
  4050 | D:5      | Killed a water moccasin
  4256 | D:5      | Bought a pair of runed gloves for 150 gold pieces
  4287 | D:5      | Found Baskihus's General Store.
  4350 | D:5      | Bought a scroll labelled DOIPSO BUTANG for 20 gold pieces
  4350 | D:5      | Bought a green potion for 18 gold pieces
  4350 | D:5      | Bought a scroll labelled EMOT BEKHUO for 20 gold pieces
  4350 | D:5      | Bought a glowing inky potion for 18 gold pieces
  4381 | D:5      | Found a runed translucent gate.
  4382 | D:5      | Found a runed translucent gate.
  4382 | D:5      | Found a runed translucent gate.
  4383 | D:5      | Noticed Seraphu's ghost (novice HOFi)
  4395 | D:5      | Reached skill level 5 in Fighting
  4395 | D:5      | Reached XP level 7. HP: 61/61 MP: 7/7
  4514 | D:5      | Found Palit's Distillery.
  4522 | D:5      | Bought a potion of heal wounds for 60 gold pieces
  4667 | D:5      | Found a roughly hewn altar of Beogh.
  4693 | D:5      | Found Ecoku's General Store.
  4834 | D:5      | Reached skill level 5 in Armour
  5148 | D:5      | Noticed a wraith
  5157 | D:5      | Reached XP level 8. HP: 69/69 MP: 8/8
  5160 | D:5      | Killed a wraith
  5341 | D:5      | Found a sacrificial altar of Ru.
  5345 | D:5      | Found a basalt altar of Yredelemnul.
  5346 | D:5      | Found a shimmering altar of Xom.
  5347 | D:5      | Found a sparkling altar of Nemelex Xobeh.
  5348 | D:5      | Found a broken altar of Ashenzari.
  5496 | D:6      | Found a staircase to the Ecumenical Temple.
  5498 | D:6      | Noticed a troll
  5505 | Temple   | Entered the Ecumenical Temple
  5557 | Temple   | Became a worshipper of Warmaster Okawaru
  5585 | D:6      | Killed a troll
  5877 | D:6      | Found Mezebam's Armour Emporium.
  5935 | D:6      | Reached * piety under Okawaru
  5936 | D:6      | Reached skill level 10 in Axes
  5985 | D:6      | Found a radiant altar of Vehumet.
  6716 | D:7      | Reached XP level 9. HP: 78/78 MP: 9/9
  7114 | D:7      | Reached ** piety under Okawaru
  7237 | D:7      | Noticed Harold
  7280 | D:7      | Killed Harold
  7280 | D:7      | Reached *** piety under Okawaru
  7281 | D:7      | Reached skill level 5 in Shields
  8039 | D:7      | Reached XP level 10. HP: 88/88 MP: 10/10
  8403 | D:5      | Bought a potion of mutation for 96 gold pieces
  8415 | D:5      | Reached skill level 10 in Fighting
  8415 | D:5      | Reached skill level 10 in Armour
  8415 | D:5      | Reached XP level 11. HP: 101/101 MP: 10/14
  8503 | D:8      | Noticed Maggie
  8516 | D:8      | Killed Maggie
  8516 | D:8      | Reached **** piety under Okawaru
  8550 | D:8      | Noticed a cyclops
  8557 | D:8      | Killed a cyclops
  8722 | D:8      | Reached skill level 15 in Axes
  9385 | D:8      | Found a staircase to the Lair.
  9709 | D:9      | Reached ***** piety under Okawaru
  9792 | D:9      | Noticed a two-headed ogre
  9801 | D:9      | Killed a two-headed ogre
  9846 | D:9      | Found Idehaica's Serpentskin Sales.
 10255 | D:10     | Entered Level 10 of the Dungeon
 10279 | D:10     | Noticed a white ugly thing
 10301 | D:10     | Killed a white ugly thing
 10301 | D:10     | Identified the +5 broad axe of Patterns {venom, Dex+2}
                  | (Okawaru gifted it to you on level 10 of the Dungeon)
 10301 | D:10     | Received a gift from Okawaru
 10349 | D:10     | Identified the +10 plate armour "Hiurph" {rC+ rN+}
 10416 | D:10     | Noticed a two-headed ogre
 10421 | D:10     | Killed a two-headed ogre
 10498 | D:10     | Reached XP level 12. HP: 110/110 MP: 15/15
 10627 | D:10     | Found Kucsaxeo's Assorted Antiques.
 10630 | D:10     | Bought a short fluorescent wand for 104 gold pieces
 10698 | D:10     | Noticed a two-headed ogre
 10702 | D:10     | Killed a two-headed ogre
 10824 | D:10     | Noticed a two-headed ogre
 10827 | D:10     | Killed a two-headed ogre
 11368 | D:11     | Noticed Snorg
 11368 | D:11     | Noticed Fannar
 11382 | D:11     | Killed Fannar
 11382 | D:11     | Identified the +2 cloak of the Tormentor {Str+2} (Okawaru
                  | gifted it to you on level 11 of the Dungeon)
 11382 | D:11     | Received a gift from Okawaru
 11383 | D:11     | Killed Snorg
 11483 | D:11     | Noticed Sonja
 11498 | D:11     | Killed Sonja
 11647 | D:11     | Found Gyxi's Antique Weapon Shoppe.
 11695 | D:11     | Noticed Erica
 11701 | D:11     | Killed Erica
 11792 | D:11     | Found a staircase to the Orcish Mines.
 11837 | Orc:1    | Entered Level 1 of the Orcish Mines
 11843 | Orc:1    | Reached XP level 13. HP: 111/119 MP: 16/16
 12224 | Lair:1   | Entered Level 1 of the Lair of Beasts
 12631 | Lair:1   | Identified the +1 pair of boots "Ziucotui" {*Corrode rPois
                  | rC+ Str+2} (Okawaru gifted it to you on level 1 of the Lair
                  | of Beasts)
 12631 | Lair:1   | Received a gift from Okawaru
 13436 | Lair:1   | Identified a scroll of acquirement
 13436 | Lair:1   | Acquired a manual of Fighting
 13491 | Lair:2   | Reached skill level 5 in Invocations
 13516 | Lair:2   | Reached skill level 15 in Fighting
 13967 | Lair:2   | Found a staircase to the Snake Pit.
 14115 | Lair:2   | Found a staircase to the Swamp.
 14857 | Lair:3   | Reached ****** piety under Okawaru
 15012 | Lair:3   | Reached XP level 14. HP: 138/138 MP: 17/17
 15014 | Lair:3   | Reached skill level 1 in Long Blades
 15694 | Lair:4   | Identified the +3 broad axe of Glory {holy, Int-4 Dex+6}
                  | (Okawaru gifted it to you on level 4 of the Lair of Beasts)
 15694 | Lair:4   | Received a gift from Okawaru
 16205 | Lair:5   | Found a dark tunnel.
 16250 | Volcano  | Entered a volcano
 16412 | Volcano  | Reached skill level 10 in Shields
 16412 | Volcano  | Reached XP level 15. HP: 149/149 MP: 17/19
 17295 | Lair:5   | Found a viscous altar of Jiyva.
 17295 | Lair:5   | Found a staircase to the Slime Pits.
 17442 | Lair:6   | Entered Level 6 of the Lair of Beasts
 17456 | Lair:6   | Reached skill level 15 in Armour
 17499 | Lair:6   | Received a gift from Okawaru
 18441 | Lair:6   | Received a gift from Okawaru
 18678 | Lair:6   | Reached XP level 16. HP: 162/162 MP: 20/20
 18982 | Orc:2    | Entered Level 2 of the Orcish Mines
 19011 | Orc:2    | Found a gate leading to a gauntlet.
 19022 | Gauntlet | Entered a Gauntlet
 19022 | Gauntlet | Found a transporter.
 19022 | Gauntlet | Found a transporter.
 19024 | Gauntlet | Found a transporter.
 19041 | Gauntlet | Found a transporter.
 19041 | Gauntlet | Found a transporter.
 19060 | Gauntlet | Found a transporter.
 19066 | Gauntlet | Found a transporter.
 19157 | Gauntlet | Identified the +1 pair of boots of Limited Liability
                  | {Contam MP+9 Int+7}
 19215 | Gauntlet | Identified the +7 trident "Beetlebane" {vorpal, *Corrode
                  | Will++ Int+2}
 19216 | Gauntlet | Got the Grimoire of Earth
 20027 | Orc:2    | Found Beddeosy's Assorted Antiques.
 20027 | Orc:2    | Found Roneb's Jewellery Shoppe.
 20028 | Orc:2    | Found Zimy's Antique Armour Emporium.
 20031 | Orc:2    | Found Xesenwoe's Distillery.
 20154 | Orc:2    | Found a staircase to the Elven Halls.
 20408 | Orc:1    | Noticed Nergalle
 20409 | Orc:1    | Noticed Josephine
 20433 | Orc:1    | Killed Josephine
 20436 | Orc:1    | Killed Nergalle
 20689 | Orc:1    | Received a gift from Okawaru
 20752 | Orc:1    | Found a roughly hewn altar of Beogh.
 20995 | D:11     | Found an ancient bone altar of Kikubaaqudgha.
 21630 | D:12     | Found a transporter.
 21632 | D:12     | Found a transporter.
 21633 | D:12     | Noticed Gateb's ghost (journeyman TrFi)
 21688 | D:12     | Killed Gateb's ghost
 21911 | D:12     | Found Lilieh's Distillery.
 21914 | D:12     | Bought a potion of heal wounds for 65 gold pieces
 22100 | D:13     | Received a gift from Okawaru
 22243 | D:13     | Identified the +2 pair of gloves of Lugonu's Inspiration
                  | {rPois Str+5}
 22509 | D:13     | Identified the +0 kite shield of Amorality {rElec rPois
                  | Str-3 Int+4} (Okawaru gifted it to you on level 13 of the
                  | Dungeon)
 22509 | D:13     | Received a gift from Okawaru
 22926 | D:13     | Reached XP level 17. HP: 173/173 MP: 22/22
 23211 | D:13     | Identified the +7 mace of Tywnymeb {elec, rPois Str+2 Int+7
                  | Dex+4}
 23809 | D:14     | Found a white marble altar of Elyvilon.
 24104 | D:14     | Found a gate to the Vaults.
 24636 | D:15     | Entered Level 15 of the Dungeon
 24636 | D:15     | Found a staircase to the Depths.
 24652 | D:15     | Received a gift from Okawaru
 24862 | D:15     | Found Rekap's Book Shop.
 24995 | D:15     | Noticed Nessos
 25002 | D:15     | Killed Nessos
 25450 | D:5      | Killed Seraphu's ghost
 25502 | D:5      | Bought 2 potions of heal wounds for 200 gold pieces
 25502 | D:5      | Bought an onyx ring for 100 gold pieces
 25546 | D:5      | Bought 2 potions of curing for 72 gold pieces
 25546 | D:5      | Bought a potion of might for 48 gold pieces
 25546 | D:5      | Bought a potion of resistance for 120 gold pieces
 25546 | D:5      | Bought a potion of might for 48 gold pieces
 25546 | D:5      | Bought a potion of curing for 36 gold pieces
 25585 | D:5      | Bought a wand of digging (5) for 198 gold pieces
 25798 | Swamp:1  | Entered Level 1 of the Swamp
 25890 | Swamp:1  | Noticed a tentacled monstrosity
 25902 | Swamp:1  | Killed a tentacled monstrosity
 26079 | Swamp:1  | Received a gift from Okawaru
 26470 | Swamp:2  | Found a frozen archway.
 26492 | IceCv    | Entered an ice cave
 26869 | IceCv    | Identified the +0 pair of boots "Otucuefe" {Dex+4}
 26919 | IceCv    | Reached XP level 18. HP: 187/187 MP: 23/23
 27161 | IceCv    | Received a gift from Okawaru
 27228 | IceCv    | Noticed an Ice Fiend
 27244 | IceCv    | Killed an Ice Fiend
 27270 | IceCv    | Identified the +3 leather armour of Death Resistance {Harm
                  | +Blink rElec}
 27385 | Swamp:2  | Noticed Roxanne
 28060 | Swamp:3  | Received a gift from Okawaru
 28428 | Swamp:4  | Entered Level 4 of the Swamp
 28849 | Swamp:4  | Received a gift from Okawaru
 29381 | Swamp:4  | Got a decaying rune of Zot
 29776 | Snake:1  | Entered Level 1 of the Snake Pit
 29833 | Snake:1  | Identified the +7 hand crossbow "Jebya" {flame, Int+6 SInv
                  | Stlth-}
 30195 | Snake:1  | Noticed Aizul
 30207 | Snake:1  | Killed Aizul
 30667 | Snake:2  | Noticed Vashnia
 30734 | Snake:2  | Reached XP level 19. HP: 198/198 MP: 24/24
 30745 | Snake:2  | Noticed Jorgrun
 30762 | Snake:2  | Killed Jorgrun
 30909 | Snake:2  | Killed Vashnia
 31111 | Snake:2  | Noticed Frances
 31139 | Snake:2  | Killed Frances
 31706 | Snake:3  | Received a gift from Okawaru
 31926 | Snake:3  | HP: 8/200 [salamander/+0 trident (9)]
 32512 | Snake:3  | Noticed Louise
 32526 | Snake:3  | Killed Louise
 32609 | Snake:3  | Found Civeseor's Mass Market.
 32637 | Snake:3  | Bought the +0 tower shield of the Goldsmith {rF+ Str+2
                  | Dex+4 Stlth+} for 644 gold pieces
 32923 | Snake:4  | Entered Level 4 of the Snake Pit
 33336 | Snake:4  | Reached skill level 15 in Shields
 33360 | Snake:4  | Received a gift from Okawaru
 33481 | Snake:4  | Reached XP level 20. HP: 199/211 MP: 25/25
 33489 | Snake:4  | Received a gift from Okawaru
 34220 | Snake:4  | Got a serpentine rune of Zot
 34595 | Elf:1    | Entered Level 1 of the Elven Halls
 35073 | Elf:1    | Found Pagautse's Magic Scroll Shoppe.
 35083 | Elf:1    | Bought a scroll of enchant armour for 127 gold pieces
 35750 | Elf:2    | Found a runed translucent gate.
 35750 | Elf:2    | Found a runed translucent gate.
 35750 | Elf:2    | Found a runed translucent gate.
 35862 | Elf:2    | Paralysed by an air elemental for 1 turns
 35868 | Elf:2    | Paralysed by an air elemental for 1 turns
 35874 | Elf:2    | Paralysed by an air elemental for 1 turns
 35876 | Elf:2    | Received a gift from Okawaru
 36031 | Elf:2    | Paralysed by an air elemental for 1 turns
 36036 | Elf:2    | Paralysed by an air elemental for 1 turns
 36040 | Elf:2    | Paralysed by an air elemental for 1 turns
 36481 | Elf:2    | Found Jickeok's Antique Armour Emporium.
 37246 | Elf:2    | Identified the +6 war axe of Massacring {vorpal, Contam
                  | rC++ rN+++ rCorr} (Okawaru gifted it to you on level 2 of
                  | the Elven Halls)
 37246 | Elf:2    | Received a gift from Okawaru
 37578 | Elf:3    | Entered Level 3 of the Elven Halls
 38109 | Elf:3    | Found Vodang's Armour Emporium.
 38252 | Elf:3    | Noticed a Tzitzimitl
 38370 | Elf:3    | Identified the +12 great sword "Cexkiwurhu" {vorpal, Dex+4}
 38370 | Elf:3    | Identified the +1 robe of Shielding {Fly}
 38374 | Elf:3    | Identified the +9 dire flail "Lulob" {flame, Str+6}
 38454 | Elf:3    | Received a gift from Okawaru
 38501 | Elf:3    | Identified the +7 war axe "Wufraish" {vorpal, rCorr Int-4
                  | Dex+4 Stlth+}
 38541 | Elf:3    | Noticed a Brimstone Fiend
 38657 | Elf:3    | Identified the +1 broad axe "Byelu" {vorpal, rF+ rC+ rCorr
                  | Dex+4}
 38662 | Elf:3    | Paralysed by an air elemental for 1 turns
 38667 | Elf:3    | Noticed a Tzitzimitl
 38687 | Elf:3    | Reached XP level 21. HP: 222/222 MP: 28/28
 38855 | Elf:3    | Identified the +4 leather armour of Ethics {Contam +Blink
                  | rPois rCorr}
 39078 | Elf:3    | Identified the +3 plate armour "Moeklips" {+Blink rPois
                  | Slay-2 SInv}
 39129 | Elf:3    | Received a gift from Okawaru
 39380 | Elf:3    | Identified the +0 pair of boots of Music {Int+4}
 39418 | Elf:3    | Reached skill level 10 in Invocations
 39441 | Elf:3    | Learned a level 2 spell: Blink
 39852 | Depths:1 | Entered Level 1 of the Depths
 39879 | Depths:1 | Reached skill level 27 in Fighting
 39961 | Depths:1 | Reached skill level 1 in Translocations
 40208 | Depths:1 | Found a one-way gate to the infinite horrors of the Abyss.
 40413 | Depths:1 | Noticed a caustic shrike
 40435 | Depths:1 | Killed a caustic shrike
 40599 | Depths:1 | Found a gateway to Hell.
 41545 | Depths:1 | Found a stormy altar of Qazlal.
 41596 | Depths:2 | Received a gift from Okawaru
 41780 | Depths:2 | Found Veor's General Store.
 41796 | Depths:2 | Found Pusoci's Specific Store.
 42101 | Depths:2 | Paralysed by a floating eye for 2 turns
 42136 | Depths:2 | Received a gift from Okawaru
 42634 | Depths:2 | Found a one-way gate leading to the halls of Pandemonium.
 43090 | Depths:3 | Reached XP level 22. HP: 233/233 MP: 30/30
 43137 | Depths:3 | Found a one-way gateway to a ziggurat.
 43160 | Depths:3 | Found a magical portal.
 43165 | WizLab   | Entered Wucad Mu's Monastery
 44121 | Depths:3 | Received a gift from Okawaru
 44146 | Depths:3 | Found Piol's Book Boutique.
 44418 | Depths:3 | Noticed a golden dragon
 44429 | Depths:3 | Killed a golden dragon
 44570 | Depths:3 | Noticed a caustic shrike
 44576 | Depths:3 | Killed a caustic shrike
 44848 | Depths:3 | Found the +8 longbow "Zephyr" {speed, Dex+3 SInv}
 44848 | Depths:3 | Found the +12 glaive of Prune {vorpal}
 44934 | Depths:3 | Received a gift from Okawaru
 44947 | Depths:3 | Identified the +0 ring mail "Puimif" {rC+}
 44951 | Depths:3 | Got the Tome of Supportive Air
 44952 | Depths:3 | Identified the +2 hand axe of War {vorpal, rElec rPois rF+}
 45120 | Depths:3 | Reached skill level 5 in Translocations
 45146 | Depths:3 | Received a gift from Okawaru
 45193 | Depths:3 | Identified the +2 pair of gloves "Xalo" {rF+ rN+ SInv}
                  | (Okawaru gifted it to you on level 3 of the Depths)
 45193 | Depths:3 | Received a gift from Okawaru
 45618 | Depths:4 | Entered Level 4 of the Depths
 46122 | Depths:4 | Noticed a juggernaut
 46132 | Depths:4 | Killed a juggernaut
 46354 | Depths:4 | Reached XP level 23. HP: 207/240 MP: 32/32
 46439 | Depths:4 | Got the Grimoire of the Aerial Oath
 46941 | Depths:4 | Found a gate to the Realm of Zot.
 47409 | Depths:4 | Noticed a juggernaut
 47434 | Depths:4 | Killed a juggernaut
 47574 | Depths:4 | Found a white marble altar of Elyvilon.
 48333 | Elf:3    | Bought the +8 orange crystal plate armour {Archmagi, Int+3
                  | Clar} for 2601 gold pieces
 48333 | Elf:3    | Found the +8 orange crystal plate armour {Archmagi, Int+3
                  | Clar}
 48638 | Vaults:1 | Entered Level 1 of the Vaults
 48865 | Vaults:1 | Received a gift from Okawaru
 49253 | Vaults:1 | Received a gift from Okawaru
 49253 | Vaults:1 | Found the +14 obsidian axe {vorpal, Mesm Drain Fly SInv}
 49732 | Vaults:1 | Found a runed translucent gate.
 49732 | Vaults:1 | Found a runed translucent gate.
 49732 | Vaults:1 | Found a runed translucent gate.
 49733 | Vaults:1 | Noticed zielscheibe's ghost (adept OgIE)
 49733 | Vaults:1 | Noticed vegansnacktivist's ghost (adept DDFi)
 50412 | Vaults:2 | Identified the +5 hand axe of Suicidal Tendencies {spect,
                  | Contam rPois Will+++ Int+5} (Okawaru gifted it to you on
                  | level 2 of the Vaults)
 50412 | Vaults:2 | Received a gift from Okawaru
 50521 | Vaults:2 | Reached XP level 24. HP: 245/249 MP: 32/32
 50765 | Vaults:2 | Found a staircase to the Crypt.
 50765 | Vaults:2 | Found an ancient bone altar of Kikubaaqudgha.
 50766 | Vaults:2 | Found a basalt altar of Yredelemnul.
 51670 | Vaults:3 | Noticed Mara
 51682 | Vaults:3 | Noticed gohu's illusion
 51687 | Vaults:3 | Killed Mara
 51823 | Vaults:3 | Identified the +0 swamp dragon scales "Cosi" {rElec rPois}
                  | (Okawaru gifted it to you on level 3 of the Vaults)
 51823 | Vaults:3 | Received a gift from Okawaru
 53157 | Vaults:4 | Found a crumbling gateway.
 53163 | Desolati | Entered the Desolation of Salt
 53514 | Desolati | Identified the +4 great sword "Qamis" {vorpal, rPois Will-
                  | Str+8 Int-2}
 53524 | Desolati | Identified the +1 leather armour of the Fiend {Regen+ Str+4
                  | Int+2}
 53569 | Desolati | Got the Reference Book on Feathery Envenoming
 53773 | Desolati | Identified the +1 robe of the Great Game {rN+ rCorr Dex+2}
 53874 | Desolati | Identified the +2 chain mail "Ohodgh" {rF+ Str-4 Slay+3
                  | SInv}
 53875 | Desolati | Identified the ring "Fitunur" {Wiz Str+5}
 53877 | Desolati | Identified the ring of Suspicion {Fly rF+}
 54072 | Desolati | Reached XP level 25. HP: 212/250 MP: 32/32
 54288 | Vaults:4 | Received a gift from Okawaru
 54442 | Vaults:4 | Identified the +0 helmet "Irchameta" {+Blink} (Okawaru
                  | gifted it to you on level 4 of the Vaults)
 54442 | Vaults:4 | Received a gift from Okawaru
 54444 | Vaults:4 | Noticed Mennas
 54459 | Vaults:4 | Noticed Bai Suzhen
 54482 | Vaults:4 | Killed Mennas
 54483 | Vaults:4 | Killed Bai Suzhen
 54962 | Vaults:4 | Found Nuem Qet's Weapon Boutique.
 55470 | Vaults:4 | Reached skill level 5 in Evocations
 55677 | Vaults:5 | Entered Level 5 of the Vaults
 55728 | Vaults:5 | Received a gift from Okawaru
 56506 | Vaults:5 | Identified the amulet "Jaskic" {RegenMP Str+4}
 56507 | Vaults:5 | Found Afu Qeuq's Distillery.
 56541 | Vaults:5 | Bought a potion of heal wounds for 90 gold pieces
 56541 | Vaults:5 | Bought a potion of haste for 180 gold pieces
 56548 | Vaults:5 | Identified the ring of Doubts {rN+ Str+2 Dex+4}
 56553 | Vaults:5 | Identified the +3 leather armour of Conscience {Fly rF+
                  | Stlth+}
 56864 | Vaults:5 | Received a gift from Okawaru
 56963 | Vaults:5 | Reached XP level 26. HP: 40/259 MP: 32/32
 57398 | Vaults:5 | Got a silver rune of Zot
 57448 | Vaults:5 | Identified the +5 quarterstaff of Hinypn {vamp, *Slow rN+
                  | Will+}
 57457 | Vaults:5 | Reached skill level 27 in Axes
 57755 | Vaults:5 | Acquired the +3 Mad Mage's Maulers {Infuse+∞ RegenMP Int-3}
 57755 | Vaults:5 | Found the +3 Mad Mage's Maulers {Infuse+∞ RegenMP Int-3}
 58639 | Vaults:5 | Identified the +2 plate armour of Catatonia {Str+3 Int+6}
 59093 | Zot:1    | Entered Level 1 of the Realm of Zot
 59204 | Zot:1    | Noticed an orb of fire
 59210 | Zot:1    | Gained mutation: You are clumsy. (Dex -2) [an orb of fire]
 59213 | Zot:1    | Gained mutation: You are frail. (-10% HP) [an orb of fire]
 59224 | Zot:1    | Killed an orb of fire
 59702 | Zot:1    | Identified the +9 trident of Mourning {protect, Contam
                  | rCorr Int+10 SInv}
 59846 | Zot:1    | Identified the +10 battleaxe "Vilim" {flame, Str-4 Int+6
                  | Dex+5} (Okawaru gifted it to you on level 1 of the Realm of
                  | Zot)
 59846 | Zot:1    | Received a gift from Okawaru
 60629 | Zot:2    | Reached skill level 5 in Throwing
 60993 | Zot:2    | Killed from afar by a black draconian knight

Illustrated notes

Levels and vault maps discovered:
D:1:      psy_arrival_conway, layout_loops_ring, ebering_ecumenical_altar_box,
          chequers_serial_rivers_large_a
D:2:      layout_loops_ring, minmay_misc_feat_x, uniq_crazy_yiuf_cottage
D:3:      layout_basic
D:4:      layout_rooms, mainiacjoe_overflow_alcove_1, serial_shops, shop_coins
D:5:      layout_basic, minitemple, biasface_ghost_orc_armoury, serial_shops,
          shop, nicolae_shop_crystal, nicolae_shop_window_shopping,
          nicolae_shop_competitors_out_of_business, minmay_divided_ellipse
D:6:      layout_basic, mainiacjoe_overflow_chevrons,
          minmay_temple_entry_large_hall, serial_shops, nicolae_diamond_shop,
          minmay_ogre_servants
D:7:      kennysheep_housing_project, layout_loops_ring, uniq_harold
D:8:      layout_basic, lair_entry_dummy, serial_curves, eino_curves_01,
          eino_curves_02, uniq_maggie
D:9:      layout_roguey, grunt_ogre_cave, guppyfry_shop_venom
D:10:     cheibrodos_barr_body, layout_long_grid, serial_shops, shop,
          minmay_radiant
D:11:     layout_basic, kennysheep_orc_monster_closet_entryway, serial_shops,
          nicolae_shop_overgrown_old_shop, kennysheep_vampire_church,
          uniq_snorg, uniq_erica, uniq_fannar, uniq_sonja
D:12:     layout_basic, serial_shops, kennysheep_mini, gammafunk_ghost_smash
D:13:     minmay_the_grid_3x3 [minmay_the_grid_expand, minmay_the_grid_rooms,
          minmay_the_grid_pillar_ring, minmay_the_grid_minigrid_small_alt,
          minmay_the_grid_all_tris, minmay_the_grid_spin_star,
          minmay_the_grid_minigrid_small, minmay_the_grid_small_cups,
          minmay_the_grid_prize_shrinking_boxes], layout_stronghold
D:14:     layout_basic, grunt_vaults_entry_tiered, elyvilon_altar_5
D:15:     gammafunk_depths_entry_grave, layout_basic, serial_shops, shop,
          uniq_nessos
Temple:   regret_index_temple_waves
Lair:1:   layout_cave_pods, serial_bayou_shore_a
Lair:2:   layout_regular_city, minmay_swamp_entry_eels,
          minmay_snake_entry_spellcaster, bobbens_dragon_lair_wall,
          infiniplex_staircase_pool_2
Lair:3:   layout_chaotic_city
Lair:4:   layout_concentric_octagons, minmay_lair_oklob_items,
          nicolae_lair_grove_arrangements
Lair:5:   layout_concentric_octagons, dpeg_slime_entry_enclosed_altar,
          nicolae_volcano_entry_lava_flow, serial_bayou_shore_b,
          infiniplex_staircase_pool, serial_bayou_shore_b
Lair:6:   due_jungle_book, layout_long_grid
Swamp:1:  layout_basic_swamp, evilmike_swamp_ruin_house_4
Swamp:2:  layout_basic_swamp, portal_ice_cave_entry_frozen_things,
          evilmike_swamp_ruin_rubble_2, uniq_roxanne
Swamp:3:  layout_falls_marsh, hangedman_swamp_ruin_wall, swamp_pool4
Swamp:4:  swamp, layout_basic_swamp
Snake:1:  layout_misc_corridors, nicolae_large_snake_swirl, lemuel_fruit_tree,
          uniq_aizul
Snake:2:  nicolae_snake_nest, layout_cave_shapes, uniq_jorgrun, uniq_frances,
          uniq_vashnia
Snake:3:  layout_rooms, minmay_shop_mass, nicolae_snake_salamander_zone,
          uniq_louise
Snake:4:  minmay_snake_end_coiled, layout_misc_corridors, nicolae_snake_shapes
Orc:1:    layout_caves, serial_shops, minmay_orc_temple_c, uniq_josephine,
          uniq_nergalle
Orc:2:    st_orc_mages, layout_caves, gauntlet_entry_generic
Elf:1:    layout_loops_cross, serial_shops, nicolae_lakefront_shop,
          kennysheep_underground_church
Elf:2:    nicolae_elf_blades_splatter_lattice [mumra_blade_entry_bloodbath],
          layout_gridlike, serial_shops, shop, serial_sigils,
          serial_sigils_hangedman_gnaw, serial_sigils_hangedman_etch,
          serial_sigils_hangedman_scratch, serial_sigils_hangedman_gut
Elf:3:    grunt_elf_hall_branching, layout_loops_corners, serial_shops,
          nicolae_shop_stone
Vaults:1: gammafunk_ghost_cemetery, vaults_room_hallway, ontoclasm_vaults_spin,
          nicolae_vaults_circle_grid_b, v_misc_32,
          nicolae_vaults_ring_of_whatevers, hangedman_vaults_stretched_pinwheel,
          nicolae_vaults_circle_grid_b, nicolae_vaults_three_branches,
          v_misc_14, grunt_vaults_swirl, ontoclasm_vaults_chip, st_more_cells,
          v_misc_24, grunt_vaults_hallway_short, hangedman_vaults_nodes,
          layout_vaults_maze
Vaults:2: ontoclasm_vaults_chip, nicolae_vaults_little_squares_6, v_misc_3,
          minmay_crypt_entry_necro_gods, vaults_room_fancy_cross,
          nicolae_vaults_little_squares_5, vaults_room_semicircle,
          vaults_standard_mumra_lines, grunt_vaults_funnel,
          vaults_mumra_hexcomb, nicolae_vaults_gold_heap, v_misc_18,
          vaults_dpeg_encased_lava, vaults_mumra_chevron, vaults_room_pools,
          layout_vaults_omnicross
Vaults:3: ontoclasm_vaults_ring_square, nicolae_vaults_windows_and_doors_thing,
          v_misc_30, nicolae_vaults_disjoint_gnomons,
          nicolae_vaults_c_with_doors, nicolae_vaults_network_quinsquares
          [nicolae_vaults_network_quincunx_subvault,
          nicolae_vaults_network_quincunx_subvault,
          nicolae_vaults_network_quincunx_subvault,
          nicolae_vaults_network_quincunx_subvault], vaults_room_corners,
          v_misc_30, ontoclasm_vaults_gateway, vaults_room_semicircle,
          layout_vaults_omnibox, uniq_mara
Vaults:4: portal_desolation_entry_ruin, v_misc_4, v_misc_10,
          nicolae_vaults_bisected_exclaves, nicolae_vaults_border_crossing,
          st_octagons_2, vaults_room_door_hall, v_pattern_4,
          vaults_room_hallway, layout_vaults_ring, serial_shops,
          nicolae_shop_advertising_works [nicolae_subvault_shop_adworks],
          uniq_bai_suzhen, uniq_mennas
Vaults:5: serial_shops, uniq_margery
Depths:1: layout_basic, grunt_hell_entry_dis_mu, abyss_entry,
          nicolae_qazlal_eye_of_the_storm, kennysheep_random_hallway
Depths:2: minmay_triangles_in_corner, layout_twisted_cross, kennysheep_boxes,
          hangedman_abyss_entry_splay, hell_entry, rand_demon_pan_entry_1,
          nicolae_specific_store
Depths:3: kennysheep_large_vault, layout_cave_shapes, enter_ziggurat_b,
          rand_demon_pan_entry_8, mu_enter_wizlab_2,
          abyss_entry_small_statue_room, hell_entry, serial_shops,
          nicolae_shop_statue_plus, serial_bayou_pond_e
Depths:4: evilmike_zot_entry_argh, layout_gridville, lemuel_tele_altar,
          hellmouth_1, special_room [special_room_mythical_zoo],
          grunt_pan_entry_sceptre, kilobyte_rumbling_trees
Zot:1:    layout_onion, zot_minivault_3
Zot:2:    layout_cathedral_of_symmetry, gammafunk_ghost_ooze, grunt_megastairs_1

Skill      XL: |  1  2  3  4  5  6  7  8  9 10 11 12 13 14 15 16 17 18 19 20 21 22 23 24 25 26 |
---------------+-------------------------------------------------------------------------------+-----
Fighting       | 4 5 6 8 10 11 12 16 18 19 21 22 24 25 26 27 | 27.0
Axes           | 3 4 5 6 7 8 10 12 14 16 18 19 20 21 22 23 24 25 26 27 | 27.0
Armour         | 4 5 6 8 10 11 12 13 14 15 16 17 18 19 20 21 22 23 24 | 24.0
Shields        | 4 5 6 7 8 9 10 11 12 13 14 15 16 18 21 23 25 26 | 26.0
Invocations    | 4 5 6 7 9 11 13 | 13.2
Long Blades    | 1 |  1.1
Throwing       | 2 5 |  5.7
Evocations     | 2 3 4 6 7 |  7.5
Translocations | 3 5 |  5.6

Action                   |  1- 3 |  4- 6 |  7- 9 | 10-12 | 13-15 | 16-18 | 19-21 | 22-24 | 25-27 || total
-------------------------+-------+-------+-------+-------+-------+-------+-------+-------+-------++-------
Melee: War axe           |    93 |    75 |   170 |   144 |       |       |       |       |       ||   482
       Broad axe         |       |       |       |   175 |   513 |  1384 |  1284 |  1488 |   569 ||  5413
       Scimitar          |       |       |       |       |     8 |       |       |       |       ||     8
Throw: Javelin           |       |     8 |     7 |     9 |     2 |     3 |     3 |       |    26 ||    58
Invok: Heroism           |       |       |       |     3 |       |     5 |     5 |     1 |     3 ||    17
       Finesse           |       |       |       |     2 |       |     9 |    14 |     2 |     5 ||    32
 Abil: Evoke Blink       |       |       |       |       |       |       |       |       |     4 ||     4
Evoke: Wand              |       |       |       |     1 |     4 |     2 |       |     1 |     8 ||    16
  Use: Potion            |       |     1 |     1 |     8 |     1 |     1 |     3 |       |     1 ||    16
       Scroll            |       |       |       |    11 |     1 |    11 |     6 |     3 |     2 ||    34
 Stab: Confused          |       |       |       |       |       |     1 |       |       |       ||     1
Armor: Scale mail        |    31 |       |       |       |       |       |       |       |       ||    31
       Chain mail        |     8 |    29 |    92 |    18 |       |       |       |       |       ||   147
       Plate armour      |       |       |       |   131 |   282 |   946 |   692 |   627 |       ||  2678
       Crystal plate arm |       |       |       |       |       |       |       |   308 |   273 ||   581
Dodge: Dodged            |    41 |    12 |    40 |    61 |   104 |   288 |   205 |   297 |    83 ||  1131
Block: Buckler           |     9 |       |       |       |       |       |       |       |       ||     9
       Kite shield       |     9 |    42 |    79 |   176 |   256 |   791 |   207 |       |       ||  1560
       Tower shield      |       |       |       |       |       |       |   775 |  1329 |   479 ||  2583
       Reflection        |       |       |       |       |       |       |     4 |       |       ||     4
